 Dungeon Crawl Stone Soup version 0.30-b1-2-g02819fbbbe (webtiles) character file.

Game seed: 3417627286766710168

125 graymark the Shield-Bearer (level 5, -12/70 HPs)
             Began as a Gnoll Fighter on May 16, 2023.
             Killed by divine providence
             ... invoked by an orc priest
              (15 damage)
             ... on level 3 of the Dungeon.
             The game lasted 00:03:46 (2257 turns).

graymark the Shield-Bearer (Gnoll Fighter)          Turns: 2257, Time: 00:03:46

Health: -12/70     AC:  7    Str: 17    XL:     5   Next: 9%
Magic:  7/7        EV:  9    Int:  7    God:
Gold:   131        SH:  8    Dex: 12    Spells: 6/6 levels left

rFire   . . .        a - +0 long sword (freeze)
rCold   . . .        c - +3 buckler
rNeg    . . .        b - +0 scale mail
rPois   .            (no helmet)
rElec   .            (no cloak)
rCorr   .            (no gloves)
SInv    .            (no boots)
Will    .....        (no amulet) Stlth
                     (no ring)
HPRegen 0.31/turn    (no ring)
MPRegen 0.10/turn

%: no passive effects
@: berserking, very quick
A: fangs 1, strong nose, distributed training
a: no special abilities


You were on level 3 of the Dungeon.
You visited 1 branch of the dungeon, and saw 4 of its levels.

You collected 131 gold pieces.

Inventory:

Hand Weapons
 a - a +0 long sword of freezing (weapon)
Armour
 b - a +0 scale mail (worn)
 c - a +3 buckler (worn)
Jewellery
 l - a ring of see invisible
Scrolls
 f - a scroll of immolation {unknown}
 g - a scroll of teleportation {unknown}
 i - 2 scrolls of brand weapon
 k - a scroll of noise {unknown}
 n - a scroll of identify {unknown}
 o - a scroll of blinking {unknown}
 p - a scroll of torment {unknown}
 q - a scroll of amnesia
 r - a scroll of magic mapping {unknown}
 t - a scroll of fear {unknown}
Potions
 d - 2 potions of might
 e - a potion of attraction {unknown}
 h - a potion of degeneration {unknown}
 j - a potion of berserk rage
 m - a potion of haste {unknown}
 s - a potion of heal wounds {unknown}


   Skills:
 + Level 6.6 Fighting
 + Level 1.4 Short Blades
 + Level 4.7 Long Blades
 + Level 1.4 Axes
 + Level 1.4 Maces & Flails
 + Level 1.4 Polearms
 + Level 1.4 Staves
 + Level 1.4 Ranged Weapons
 + Level 1.4 Throwing
 + Level 6.6 Armour
 + Level 1.4 Dodging
 + Level 1.4 Stealth
 + Level 6.6 Shields
 + Level 1.4 Unarmed Combat
 + Level 1.4 Spellcasting
 + Level 1.1 Conjurations
 + Level 1.1 Hexes
 + Level 1.1 Summonings
 + Level 1.1 Necromancy
 + Level 1.1 Translocations
 + Level 1.1 Transmutations
 + Level 1.1 Fire Magic
 + Level 1.1 Ice Magic
 + Level 1.1 Air Magic
 + Level 1.1 Earth Magic
 + Level 1.1 Poison Magic
 + Level 1.5 Invocations
 + Level 1.4 Evocations


You had 6 spell levels left.
You didn't know any spells.
Your spell library contained the following spells:

 Spells                   Type           Power      Damage    Failure   Level
 Freeze                   Ice            8%         1d3       67%         1
 Kiss of Death            Conj/Necr      8%         2d6       67%         1
 Confusing Touch          Hex            2%         N/A       96%         3
 Frozen Ramparts          Ice            4%         1d1       96%         3
 Hailstorm                Conj/Ice       2%         3d3       96%         3
 Dispel Undead            Necr           2%         3d7       100%        4


Dungeon Overview and Level Annotations

Branches:
Dungeon (4/15)
 Temple: D:4-7

Altars:
Kikubaaqudgha
Nemelex Xobeh
Trog

Shops:
D:1 ?

Annotations:
D:4 Sigmund


Innate Abilities, Weirdness & Mutations

You have very sharp teeth.
Your uncanny sense of smell can sniff out nearby items.
Your experience applies equally to all skills.


Message History

You hit the orc priest but do no damage.
The orc hits you with a +0 dagger.
The orc priest looks encouraged for a moment.
The orc closely misses you. You block the orc's attack. x3
The orc priest invokes the aid of Beogh against you.
Beogh smites you! The orc hits you with a +0 club.
You hit the orc priest but do no damage.
You bite the orc priest.
The orc priest is lightly wounded.
You block the orc's attack.
The orc priest looks satisfied for a moment.
The orc hits you with a +0 club. The orc hits you with a +0 flail.
You barely miss the orc priest.
The orc priest is lightly wounded.
The orc hits you but does no damage. The orc priest hits you with a +0 mace!
The orc hits you with a +0 club. The orc hits you with a +0 flail.
You hit the orc priest. You freeze the orc priest.
The orc priest is heavily wounded.
The orc closely misses you.
The orc priest hits you but does no damage.
The orc hits you but does no damage. The orc barely misses you.
You hit the orc priest. You freeze the orc priest.
The orc priest is heavily wounded.
The orc barely misses you.
The orc priest invokes the aid of Beogh against you.
Beogh smites you!
* * * LOW HITPOINT WARNING * * *
You block the orc's attack. The orc hits you but does no damage.
It was a potion of berserk rage.
A red film seems to cover your vision as you go berserk!
You feel yourself moving faster!
You feel mighty! You block the orc's attack. You block the orc priest's attack.
The orc barely misses you. The orc closely misses you.
You are too berserk!
You barely miss the orc priest. You bite the orc priest.
The orc priest is severely wounded.
The orc hits you but does no damage.
The orc priest invokes the aid of Beogh against you.
Beogh smites you!
You die...

# ##### # ###...##
# ###...#..## #
#...####..#
###.### ##.#
##...# ###.#####
....## #.......#
###..## #.....o.#
####..####.....o@#
...............oo#
#####.####.......#
#.# #.......# #.#
#.......# #.#
#.......# #.#
#.......# #.##
######### #..#


You could see an orc priest and 3 orcs.

Vanquished Creatures
  A scorpion (D:3)
  2 adders (D:3)
  3 worms
  A dart slug (D:1)
  An orc (D:4)
  5 ball pythons
  3 bats
  5 endoplasms
  2 giant cockroaches (D:1)
  4 hobgoblins
  4 quokkas
  3 frilled lizards
  6 rats
40 creatures vanquished.

Notes
Turn   | Place    | Note
-------+----------+-------------------------------------------
     0 | D:1      | graymark the Gnoll Fighter began the quest for the Orb.
     0 | D:1      | Reached XP level 1. HP: 23/23 MP: 1/1
    18 | D:1      | Found Foajahen's Magic Scroll Shop.
    86 | D:1      | Reached XP level 2. HP: 29/29 MP: 2/2
   812 | D:2      | Reached XP level 3. HP: 35/35 MP: 3/3
  1265 | D:2      | Reached skill level 1 in Invocations
  1499 | D:3      | Reached skill level 1 in Short Blades
  1499 | D:3      | Reached skill level 1 in Axes
  1499 | D:3      | Reached skill level 1 in Maces & Flails
  1499 | D:3      | Reached skill level 1 in Polearms
  1499 | D:3      | Reached skill level 1 in Staves
  1499 | D:3      | Reached skill level 1 in Ranged Weapons
  1499 | D:3      | Reached skill level 1 in Throwing
  1499 | D:3      | Reached skill level 1 in Dodging
  1499 | D:3      | Reached skill level 1 in Stealth
  1499 | D:3      | Reached skill level 1 in Unarmed Combat
  1499 | D:3      | Reached skill level 1 in Spellcasting
  1499 | D:3      | Reached skill level 1 in Evocations
  1581 | D:3      | Found a sparkling altar of Nemelex Xobeh.
  1726 | D:3      | Reached XP level 4. HP: 41/41 MP: 5/5
  1726 | D:3      | Found a faded altar of an unknown god.
  1772 | D:3      | Found an ancient bone altar of Kikubaaqudgha.
  1792 | D:3      | Found a bloodstained altar of Trog.
  2007 | D:4      | Noticed a scorpion
  2054 | D:3      | Killed a scorpion
  2055 | D:3      | Reached skill level 1 in Conjurations
  2055 | D:3      | Reached skill level 1 in Hexes
  2055 | D:3      | Reached skill level 1 in Summonings
  2055 | D:3      | Reached skill level 1 in Necromancy
  2055 | D:3      | Reached skill level 1 in Translocations
  2055 | D:3      | Reached skill level 1 in Transmutations
  2055 | D:3      | Reached skill level 1 in Fire Magic
  2055 | D:3      | Reached skill level 1 in Ice Magic
  2055 | D:3      | Reached skill level 1 in Air Magic
  2055 | D:3      | Reached skill level 1 in Earth Magic
  2055 | D:3      | Reached skill level 1 in Poison Magic
  2055 | D:3      | Reached XP level 5. HP: 43/47 MP: 5/7
  2150 | D:4      | Noticed Sigmund
  2255 | D:3      | HP: 1/47 [orc priest/divine providence (14)]
  2257 | D:3      | Killed from afar by an orc priest

Illustrated notes

Levels and vault maps discovered:
D:1:      minmay_arrival_stair_chambers, layout_basic, serial_shops, shop,
          serial_bayou_pond_d, kennysheep_minor_cross, st_stairs_5
D:2:      layout_loops_ring
D:3:      layout_rooms, nicolae_overflow_squiral, overflow_temple_1_default,
          shapermc_ecumenical_altar_starsandcircs
D:4:      layout_cave_pools, grunt_temple_overflow_open,
          gammafunk_ghost_mausoleum, minmay_checkerbox, uniq_sigmund

Skill      XL: |  1  2  3  4 |
---------------+-------------+-----
Invocations    | 1 |  1.5
Short Blades   | 1 |  1.4
Axes           | 1 |  1.4
Maces & Flails | 1 |  1.4
Polearms       | 1 |  1.4
Staves         | 1 |  1.4
Ranged Weapons | 1 |  1.4
Throwing       | 1 |  1.4
Dodging        | 1 |  1.4
Stealth        | 1 |  1.4
Unarmed Combat | 1 |  1.4
Spellcasting   | 1 |  1.4
Evocations     | 1 |  1.4
Conjurations   | 1 |  1.1
Hexes          | 1 |  1.1
Summonings     | 1 |  1.1
Necromancy     | 1 |  1.1
Translocations | 1 |  1.1
Transmutations | 1 |  1.1
Fire Magic     | 1 |  1.1
Ice Magic      | 1 |  1.1
Air Magic      | 1 |  1.1
Earth Magic    | 1 |  1.1
Poison Magic   | 1 |  1.1
Fighting       | |  6.6
Long Blades    | |  4.7
Armour         | |  6.6
Shields        | |  6.6

Action                     |  1- 3 |  4- 6 || total
---------------------------+-------+-------++-------
  Melee: Long sword        |    90 |    39 ||   129
         Bite              |     7 |     6 ||    13
    Use: Scroll            |     5 |       ||     5
         Potion            |       |     1 ||     1
 Armour: Scale mail        |    24 |    21 ||    45
  Dodge: Dodged            |    32 |    20 ||    52
  Block: Buckler           |    30 |    21 ||    51
